 Dungeon Crawl Stone Soup version 0.24.0-125-gc4c63601f3 (webtiles) character file.

Game seed: 11786383667580129236, levelgen mode: deterministic

1526 shadizar the Fighter (level 8, -6/81 HPs)
             Began as a Minotaur Fighter on Mar 13, 2020.
             Was a Follower of Okawaru.
             Mangled by a sixfirhy (9 damage)
             ... on level 2 of the Abyss.
             The game lasted 00:09:04 (6151 turns).

shadizar the Fighter (Minotaur Fighter)             Turns: 6151, Time: 00:09:05

Health: -6/81      AC: 10    Str: 22    XL:     8   Next: 54%
Magic:  7/7        EV:  6    Int:  5    God:    Okawaru [*.....]
Gold:   315        SH:  9    Dex: 11    Spells: 7/7 levels left

rFire    + + .     SeeInvis .   a - +0 war axe
rCold    + . .     Gourm    .   c - +0 shield
rNeg     . . .     Faith    .   j - +0 chain mail
rPois    .         Spirit   .   m - +0 hat
rElec    .         Reflect  .   y - scarf {rC+ rF+}
rCorr    .         Harm     .   z - +0 pair of gloves
MR       .....                  (no boots)
Stlth    ..........             (no amulet)
HPRegen  0.23/turn              u - ring of protection from fire
MPRegen  0.10/turn              (no ring)

@: no status effects
A: retaliatory headbutt, horns 2
a: Heroism, Renounce Religion


You were on level 2 of the Abyss.
You worshipped Okawaru.
Okawaru was aware of your devotion.
You were not hungry.

You visited 2 branches of the dungeon, and saw 9 of its levels.
You visited the Abyss 1 time.

You collected 315 gold pieces.

Inventory:

Hand Weapons
 a - a +0 war axe (weapon)
Armour
 c - a +0 shield (worn)
 j - a +0 chain mail (worn)
 m - a +0 hat (worn)
 y - a scarf of resistance (worn)
 z - a +0 pair of gloves (worn)
Jewellery
 k - an uncursed ring of ice
 u - a ring of protection from fire (left hand)
Wands
 C - a wand of disintegration (16)
 D - a wand of paralysis (9)
Scrolls
 b - 4 scrolls of random uselessness {unknown}
 e - 4 scrolls of teleportation {unknown}
 h - a scroll of fear {unknown}
 i - a scroll of enchant armour {unknown}
 n - 4 scrolls of identify {unknown}
 o - 6 scrolls of remove curse {unknown}
 q - 2 scrolls of noise {unknown}
 t - a scroll of amnesia {unknown}
 v - 2 scrolls of enchant weapon {unknown}
 x - 2 scrolls of brand weapon {unknown}
 B - a scroll of fog {unknown}
Potions
 d - a potion of might
 g - a potion of brilliance {unknown}
 l - a potion of flight {unknown}
 p - a potion of heal wounds {unknown}
 r - a potion of resistance {unknown}
 s - a potion of mutation {unknown}
 w - a potion of lignification {unknown}
 A - a potion of agility {unknown}
 F - a potion of haste {unknown}
Comestibles
 f - 13 rations


   Skills:
 + Level 10.6 Fighting
 + Level 7.5 Axes
 + Level 4.0 Armour
 + Level 1.2 Dodging
 + Level 4.0 Shields
 + Level 1.1 Invocations


You had 7 spell levels left.
You didn't know any spells.
Your spell library was empty.

Dungeon Overview and Level Annotations

Branches:
Dungeon (8/15)             Temple (1/1) D:6
   Lair: D:8-11

Altars:
Ashenzari
Cheibriados
Dithmenos
Elyvilon
Gozag
Kikubaaqudgha
Makhleb
Okawaru
Qazlal
Ru
Sif Muna
Trog
Uskayaw
Vehumet
Wu Jian
Xom
Yredelemnul
Zin
The Shining One

Shops:
D:3 *

Annotations:
D:4 exclusion: statue
D:5 Edmund
D:8 Psyche


Innate Abilities, Weirdness & Mutations

You reflexively headbutt those who attack you in melee.
You have a pair of horns on your head.


Message History

The thrashing horror tramples you!
You hold your ground!
You block the thrashing horror's attack.
The thrashing horror roars!
The sixfirhy hits you. The sixfirhy shocks you!
* * * LOW HITPOINT WARNING * * *
The thrashing horror tramples you but does no damage. x2
The sixfirhy barely misses you. You furiously retaliate!
You headbutt the sixfirhy! The sixfirhy hits you.
* * * LOW HITPOINT WARNING * * *
The sixfirhy shocks you!
* * * LOW HITPOINT WARNING * * *
Unknown command.
Unknown command.
Unknown command.
Unknown command.
Unknown command.
The sixfirhy hits you.
* * * LOW HITPOINT WARNING * * *
The sixfirhy shocks you!
You die...

. .. #. .# #.##'#
.## #..... .. .
#...... .# .
...#......##.###.#.
..##....#.........
..#....####@...###
.........3.#.##.
...#......X#..#.#
#.#.5####.....
#.3.X...####..
#...###...#....##
##.##§##X###.#.#
#.. #.##..#.. .. ##
#.. #♣≈.#≈5 .


You could see a thrashing horror, a large abomination, a sixfirhy, a neqoxec and
an ufetubus.

Vanquished Creatures
  Menkaure (D:7)
  2 black bears (D:6)
  A sky beast (D:5)
  2 ogres (D:7)
  2 bullfrogs
  A scorpion (D:5)
  2 howler monkeys (D:7)
  A quasit (D:7)
  3 orc priests (D:7)
  2 jellies
  A bullfrog skeleton (D:7)
  A gnoll shaman (D:5)
  2 iguanas
  5 worker ants
  A killer bee zombie (D:7)
  Robin (D:2)
  6 gnolls (D:5)
  13 adders
  3 adder skeletons
  2 worms (D:3)
  4 dart slugs
  2 leopard geckos
  8 orcs
  6 bats
  5 giant cockroaches
  13 goblins
  11 hobgoblins
  5 jackals
  8 kobolds
  2 quokkas
  3 ball pythons
  2 frilled lizards (D:3)
  A quokka skeleton (D:4)
  5 rats
127 creatures vanquished.

Notes
Turn   | Place    | Note
-------+----------+-------------------------------------------
     0 | D:1      | shadizar the Minotaur Fighter began the quest for the Orb.
     0 | D:1      | Reached XP level 1. HP: 19/19 MP: 0/0
   139 | D:1      | Reached skill level 4 in Fighting
   146 | D:1      | Reached XP level 2. HP: 27/27 MP: 1/1
   911 | D:2      | Found a shimmering altar of Xom.
   914 | D:2      | Found a shimmering altar of Xom.
   925 | D:2      | Found a shimmering altar of Xom.
   925 | D:2      | Found a shimmering altar of Xom.
   926 | D:2      | Found a shimmering altar of Xom.
   939 | D:2      | Found a stormy altar of Qazlal.
   948 | D:2      | Reached XP level 3. HP: 34/34 MP: 2/2
  1009 | D:2      | Noticed Robin
  1021 | D:2      | Reached skill level 5 in Fighting
  1023 | D:2      | Killed Robin
  1052 | D:2      | Found a glowing golden altar of the Shining One.
  1118 | D:2      | Found a snail-covered altar of Cheibriados.
  1133 | D:2      | Reached XP level 4. HP: 28/42 MP: 3/3
  1500 | D:3      | Found Zin's Purification Station.
  1505 | D:3      | Found a glowing silver altar of Zin.
  1789 | D:3      | Reached skill level 6 in Fighting
  1873 | D:3      | Reached XP level 5. HP: 21/50 MP: 4/4
  2550 | D:4      | Found a radiant altar of Vehumet.
  2553 | D:4      | Noticed a frost-covered statue
  3219 | D:5      | Entered Level 5 of the Dungeon
  3232 | D:5      | Noticed Edmund
  3317 | D:5      | Reached skill level 7 in Fighting
  3317 | D:5      | Reached XP level 6. HP: 60/60 MP: 5/5
  3475 | D:5      | Reached skill level 5 in Axes
  3478 | D:5      | Noticed a sky beast
  3516 | D:5      | Killed a sky beast
  3520 | D:5      | Reached skill level 8 in Fighting
  3584 | D:5      | Reached XP level 7. HP: 40/68 MP: 6/6
  4011 | D:6      | Found an ornate altar of the Wu Jian Council.
  4030 | D:6      | Found a hide-covered altar of Uskayaw.
  4116 | D:6      | Reached skill level 9 in Fighting
  4168 | D:6      | Found a staircase to the Ecumenical Temple.
  4184 | Temple   | Entered the Ecumenical Temple
  4302 | Temple   | Became a worshipper of Warmaster Okawaru
  4929 | D:7      | Reached XP level 8. HP: 73/79 MP: 7/7
  4945 | D:7      | Reached skill level 10 in Fighting
  5252 | D:7      | Noticed Menkaure
  5256 | D:7      | Killed Menkaure
  5256 | D:7      | Reached * piety under Okawaru
  5798 | D:7      | Reached skill level 1 in Dodging
  5798 | D:7      | Reached skill level 1 in Invocations
  6064 | D:8      | Noticed Psyche
  6073 | D:8      | Cast into level 2 of the Abyss (Psyche)
  6107 | Abyss:2  | Found a shimmering blue altar of Sif Muna.
  6141 | Abyss:2  | Noticed a thrashing horror
  6142 | Abyss:2  | Noticed a sixfirhy
  6144 | Abyss:2  | Noticed a large abomination
  6150 | Abyss:2  | HP: 4/81 [sixfirhy (11)]
  6151 | Abyss:2  | Mangled by a sixfirhy

Levels and vault maps discovered:
D:1:      giann_horns, layout_basic
D:2:      layout_basic, overflow_temple_1_default,
          nicolae_tso_swordbearing_angel, cheibriados_altar_1, xom_redecorated,
          uniq_robin
D:3:      layout_basic, zin_purify, hangedman_decor_growths
D:4:      layout_basic, vehumet_statue
D:5:      layout_loops_ring, first_ration, uniq_edmund
D:6:      layout_loops_cross, kennysheep_little_box, temple_fountains,
          basic_altar
D:7:      lemuel_upstairs_altar, layout_loops_corners, uniq_menkaure
D:8:      layout_loops_ring, overflow_temple_1_default, fedhas_altar_fruit_tree,
          gammafunk_ghost_smash, hangedman_little_slice_of_home,
          kennysheep_windowed_goal, uniq_psyche, uniq_joseph
Temple:   hc_temple_tempest_star
Abyss:2:  base:
D:13

Skill      XL: |  1  2  3  4  5  6  7  8 |
---------------+-------------------------+-----
Fighting       | 4 5 6 7 8 9 10 | 10.6
Axes           | 3 4 5 6 7 |  7.5
Dodging        | 1 |  1.2
Invocations    | 1 |  1.1
Armour         | 4 |  4.0
Shields        | 4 |  4.0

Action                   |  1- 3 |  4- 6 |  7- 9 || total
-------------------------+-------+-------+-------++-------
Melee: War axe           |    69 |   158 |   126 ||   353
       Headbutt          |    13 |    28 |    25 ||    66
Invok: Heroism           |       |       |     2 ||     2
  Use: Potion            |     1 |       |       ||     1
  Eat: Chunk             |     1 |     8 |     8 ||    17
Armor: Scale mail        |    26 |    51 |       ||    77
       Chain mail        |       |    22 |    94 ||   116
Dodge: Dodged            |    18 |    43 |    40 ||   101
Block: Shield            |    47 |   100 |    88 ||   235
